 Dungeon Crawl Stone Soup version 0.30-a0-777-ga9a30cbeda (webtiles) character file.

Game seed: 6286129232173510985

4957 Dirtsage the Grappler (level 10, -1/76 HPs)
             Began as a Demonspawn Fighter on Feb 14, 2023.
             Was a Believer of Qazlal.
             Slain by a komodo dragon (27 damage)
             ... on level 9 of the Dungeon.
             The game lasted 00:20:03 (8878 turns).

Dirtsage the Grappler (Demonspawn Fighter)          Turns: 8878, Time: 00:20:04

Health: -1/76      AC: 13    Str: 20    XL:     10   Next: 28%
Magic:  23/23      EV: 14    Int:  9    God:    Qazlal [**....]
Gold:   643        SH:  8    Dex: 14    Spells: 9/9 levels left

rFire   . . .      SeeInvis .      - Unarmed
rCold   . . .      Faith    .    c - +0 buckler
rNeg    . . .      Spirit   .    b - +0 scale mail
rPois   +          Reflect  .    x - +2 hat
rElec   .          Harm     .    C - +0 cloak
rCorr   .          Rampage  .    (no gloves)
Will    .....                    H - +0 pair of boots Stlth
                                 (no amulet)
HPRegen 0.32/turn                P - ring of poison resistance
MPRegen 0.18/turn                m - ring of magical power

@: agile
A: claws 2, thin metallic scales 2, powered by pain 2, mutation resistance 1,
poison resistance
a: Renounce Religion, Upheaval


You were on level 9 of the Dungeon.
You worshipped Qazlal.
Qazlal was pleased with you.
You visited 2 branches of the dungeon, and saw 10 of its levels.
You also visited: Sewer.

You collected 763 gold pieces.
You spent 120 gold pieces at shops.

Inventory:

Hand Weapons
 I - a +3 whip of flaming
Missiles
 o - a curare-tipped dart (quivered)
Armour
 b - a +0 scale mail (worn)
 c - a +0 buckler (worn)
 x - a +2 hat (worn)
 C - a +0 cloak (worn)
 H - a +0 pair of boots (worn)
Jewellery
 m - a ring of magical power (right claw)
 P - a ring of poison resistance (left claw)
 W - a ring of wizardry
Wands
 B - a wand of light (5)
 D - a wand of mindburst (5)
 F - a wand of flame (22)
 G - a wand of iceblast (18)
Scrolls
 a - a scroll of torment {unknown}
 e - 3 scrolls of fog {unknown}
 f - 2 scrolls of brand weapon {unknown}
 g - 10 scrolls of identify {unknown}
 i - 2 scrolls of blinking {unknown}
 l - 2 scrolls of noise {unknown}
 n - a scroll of vulnerability {unknown}
 r - a scroll of immolation {unknown}
 s - a scroll of enchant armour {unknown}
 t - 8 scrolls of teleportation {unknown}
 y - 2 scrolls of amnesia {unknown}
Potions
 d - 4 potions of might
 h - a potion of resistance {unknown}
 j - 2 potions of brilliance {unknown}
 k - a potion of attraction {unknown}
 p - 8 potions of heal wounds {unknown}
 q - a potion of curing
 u - 5 potions of degeneration {unknown}
 v - 3 potions of haste {unknown}
 w - 3 potions of invisibility {unknown}
 z - 2 potions of flight {unknown}
 A - 4 potions of magic
 E - a potion of mutation


   Skills:
 + Level 5.9 Fighting
 - Level 2.5 Maces & Flails
 - Level 2.6 Armour
 + Level 5.4 Shields
 * Level 11.3 Unarmed Combat
 + Level 5.8 Invocations


You had 9 spell levels left.
You didn't know any spells.
Your spell library contained the following spells:

 Spells                   Type           Power      Damage    Failure   Level
 Apportation              Tloc           0%         N/A       83%         1
 Necrotise                Necr           0%         1d4       83%         1
 Summon Small Mammal      Summ           0%         N/A       83%         1
 Cigotuvi's Dreadful Rot  Necr/Pois/Air  0%         N/A       92%         2
 Ensorcelled Hibernation  Hex/Ice        0%         N/A       92%         2
 Passwall                 Tmut/Erth      0%         N/A       92%         2
 Poisonous Vapours        Pois/Air       0%         N/A       92%         2
 Ignite Poison            Fire/Tmut/Pois 0%         N/A       99%         3
 Inner Flame              Hex/Fire       0%         N/A       99%         3
 Kindle Blastsparks       Fire/Tloc/Air  0%         2d10      99%         3
 Mephitic Cloud           Conj/Pois/Air  0%         N/A       99%         3
 Swiftness                Air            0%         N/A       99%         3
 Tukima's Dance           Hex            0%         N/A       99%         3
 Flame Wave               Conj/Fire      0%         2d4       100%        4
 Passage of Golubria      Tloc           0%         N/A       100%        4
 Sticky Flame             Conj/Fire      0%         2d3       100%        4
 Alistair's Intoxication  Tmut/Pois      0%         N/A       100%        5
 Freezing Cloud           Conj/Ice/Air   0%         6-21      100%        5
 Yara's Violent Unravell  Hex/Tmut       0%         3d3       100%        5


Dungeon Overview and Level Annotations

Branches:
Dungeon (9/15)             Temple (1/1) D:6            Lair (0/5) D:9
  Sewer (visited)
    Orc: D:9-12

Altars:
Ashenzari
Cheibriados
Dithmenos
Fedhas
Gozag
Hepliaklqana
Kikubaaqudgha
Makhleb
Nemelex Xobeh
Okawaru
Qazlal
Ru
Trog
Uskayaw
Vehumet
Wu Jian
Xom
Yredelemnul

Shops:
D:1 (   D:6 !   D:8 :


Innate Abilities, Weirdness & Mutations

You have very sharp fingernails.
You are mostly covered in thin metallic scales. (AC +3)
You sometimes gain power by taking damage.
You are somewhat resistant to further mutation.
Your system is resistant to poisons. (rPois)


Message History

You claw the kobold!
You kill the kobold!
Qazlal accepts your kill.
No target in view!
No target in view!
o - a curare-tipped dart
Items here: ))) ††.
Found a stone staircase leading down.
Found a staircase to the Lair.
The komodo dragon hisses angrily.
The komodo dragon bites the plant!
The plant begins to die.
The komodo dragon completely misses the plant.
The komodo dragon bites the plant!!
The komodo dragon bites the plant!!
The plant begins to die.
A nearby plant withers and dies.
A komodo dragon is nearby!
No reachable target in view!
No reachable target in view!
A komodo dragon is nearby!
The komodo dragon bites the plant!!
The plant begins to die.
The komodo dragon bites the plant!
The plant begins to die.
The komodo dragon bites the plant!
A nearby plant withers and dies.
You claw the komodo dragon!
The komodo dragon is moderately wounded.
A nearby plant withers and dies.
The komodo dragon bites you but does no damage.
You claw the komodo dragon!
The komodo dragon is heavily wounded.
A nearby plant withers and dies.
The komodo dragon bites you!!
You take 27 damage, and have 49/76 hp.
MASSIVE DAMAGE!!
You scratch the komodo dragon but do no damage.
The komodo dragon is heavily wounded.
The komodo dragon bites you!!
You focus on the pain.
You feel agile all of a sudden.
You take 23 damage, and have 26/76 hp.
MASSIVE DAMAGE!!
You completely miss the komodo dragon.
The komodo dragon is heavily wounded.
The komodo dragon bites you!!
You die...

#####################
##PPPPPPPPP##........#
#PP..PP.PPPP#........#
#PP.>...PPP..........#
#PP...lPP............#
#PPPP.P@.............#
#P..PP..○...#...#....#
##..P......##...#....#
###.....####...#....#
#....>....#...#....#..
#.........#...#....#..
###########...#.......
.......)).......
................


You could see a komodo dragon.

Vanquished Creatures
  A two-headed ogre (D:9)
  Maggie (D:6)
  Grinder (Sewer)
  A wyvern (D:8)
  A steam dragon (D:9)
  Edmund (D:4)
  2 water moccasins (D:7)
  An ice beast (D:7)
  2 black bears
  An orc warrior (D:7)
  3 ogres
  2 centaurs
  A phantom (Sewer)
  Blork the orc (D:4)
  A kobold brigand (D:9)
  4 scorpions
  2 bullfrogs (D:7)
  4 necrophages
  10 wights
  5 killer bees (D:6)
  4 howler monkeys
  A hound (D:5)
  A jelly (D:4)
  5 orc priests
  2 iguanas
  8 orc wizards
  7 gnolls (D:7)
  4 adders
  9 shadow imps
  4 white imps
  13 ufetubi
  A worm (D:2)
  4 dart slugs
  16 orcs
  6 bats
  6 endoplasms
  13 giant cockroaches
  5 goblins
  10 hobgoblins
  3 jackals (D:1)
  22 kobolds
  5 quokkas
  6 ball pythons
  4 frilled lizards
  A giant cockroach zombie (Sewer)
  2 kobold zombies (Sewer)
  7 rats
214 creatures vanquished.

Vanquished Creatures (others)
  4 plants (D:9)
4 creatures vanquished.

Grand Total: 218 creatures vanquished

Notes
Turn   | Place    | Note
-------+----------+-------------------------------------------
     0 | D:1      | Dirtsage the Demonspawn Fighter began the quest for the
                  | Orb.
     0 | D:1      | Reached XP level 1. HP: 18/18 MP: 1/1
   102 | D:1      | Found Ickeul's Weapon Shop.
   202 | D:1      | Gained mutation: You have sharp fingernails. [demonic
                  | ancestry]
   202 | D:1      | Reached XP level 2. HP: 24/24 MP: 2/2
   329 | D:1      | Reached skill level 1 in Unarmed Combat
   392 | D:1      | Reached XP level 3. HP: 29/29 MP: 3/3
   901 | D:2      | Identified the +10 long sword "Syhi" {elec, Str+2}
   910 | D:2      | Reached skill level 2 in Unarmed Combat
  1620 | D:3      | Found a sparkling altar of Nemelex Xobeh.
  1768 | D:3      | Gained mutation: You sometimes gain a little power by
                  | taking damage. [demonic ancestry]
  1768 | D:3      | Reached XP level 4. HP: 35/35 MP: 4/4
  2568 | D:4      | Noticed an ogre
  2571 | D:4      | Killed an ogre
  2572 | D:4      | Reached skill level 4 in Unarmed Combat
  2572 | D:4      | Gained mutation: You sometimes gain power by taking damage.
                  | [demonic ancestry]
  2572 | D:4      | Reached XP level 5. HP: 41/41 MP: 5/5
  2744 | D:4      | Found a bloodstained altar of Trog.
  2905 | D:4      | Reached skill level 5 in Unarmed Combat
  2905 | D:4      | Gained mutation: You are partially covered in thin metallic
                  | scales. (AC +2) [demonic ancestry]
  2905 | D:4      | Reached XP level 6. HP: 41/47 MP: 6/6
  3040 | D:4      | Noticed Edmund
  3049 | D:4      | Killed Edmund
  3107 | D:4      | Noticed Blork the orc
  3113 | D:4      | Killed Blork the orc
  3114 | D:4      | Reached skill level 6 in Unarmed Combat
  3217 | D:5      | Entered Level 5 of the Dungeon
  3225 | D:5      | Gained mutation: You are mostly covered in thin metallic
                  | scales. (AC +3) [demonic ancestry]
  3225 | D:5      | Reached XP level 7. HP: 52/52 MP: 7/7
  3266 | D:5      | Reached skill level 7 in Unarmed Combat
  3415 | D:5      | Found a glowing drain.
  3440 | D:5      | Saving game... please wait.
  3441 | Sewer    | Entered a sewer
  3656 | Sewer    | Found an ancient bone altar of Kikubaaqudgha.
  3670 | Sewer    | Reached skill level 8 in Unarmed Combat
  3775 | Sewer    | Reached XP level 8. HP: 39/58 MP: 8/8
  3930 | Sewer    | Noticed Grinder
  3943 | Sewer    | Killed Grinder
  4082 | D:5      | Reached skill level 9 in Unarmed Combat
  4599 | D:5      | Gained mutation: You do not regenerate when monsters are
                  | visible. [potion of mutation]
  4599 | D:5      | Gained mutation: You passively map a small area around you.
                  | [potion of mutation]
  4599 | D:5      | Gained mutation: Your flesh is cold resistant. (rC+)
                  | [potion of mutation]
  4625 | D:5      | Lost mutation: Your flesh is cold resistant. (rC+) [potion
                  | of mutation]
  4625 | D:5      | Lost mutation: You do not regenerate when monsters are
                  | visible. [potion of mutation]
  4625 | D:5      | Gained mutation: You occasionally lose the ability to drink
                  | potions when taking damage. [potion of mutation]
  4625 | D:5      | Gained mutation: Armour fits poorly on your strangely
                  | shaped body. [potion of mutation]
  4625 | D:5      | Gained mutation: Your system is resistant to poisons.
                  | (rPois) [potion of mutation]
  4626 | D:5      | Lost mutation: You passively map a small area around you.
                  | [potion of mutation]
  4626 | D:5      | Lost mutation: Your system is resistant to poisons. (rPois)
                  | [potion of mutation]
  4626 | D:5      | Gained mutation: Your system is resistant to poisons.
                  | (rPois) [potion of mutation]
  4626 | D:5      | Gained mutation: You are strong-willed. (Will+) [potion of
                  | mutation]
  4627 | D:5      | Lost mutation: You are strong-willed. (Will+) [potion of
                  | mutation]
  4627 | D:5      | Lost mutation: Armour fits poorly on your strangely shaped
                  | body. [potion of mutation]
  4627 | D:5      | Lost mutation: You occasionally lose the ability to drink
                  | potions when taking damage. [potion of mutation]
  4627 | D:5      | Gained mutation: You are somewhat resistant to further
                  | mutation. [potion of mutation]
  5104 | D:6      | Found a burning altar of Makhleb.
  5163 | D:6      | Found Cuboba's Distillery.
  5175 | D:6      | Bought 2 potions of might for 120 gold pieces
  5187 | D:6      | Found a staircase to the Ecumenical Temple.
  5205 | Temple   | Entered the Ecumenical Temple
  5271 | Temple   | Became a worshipper of Qazlal Stormbringer
  5654 | D:6      | Noticed Maggie
  5669 | D:6      | Killed Maggie
  5670 | D:6      | Reached skill level 1 in Invocations
  5670 | D:6      | Gained mutation: You have very sharp fingernails. [demonic
                  | ancestry]
  5670 | D:6      | Reached XP level 9. HP: 35/65 MP: 8/10
  5811 | D:7      | Reached skill level 10 in Unarmed Combat
  6662 | D:7      | Reached skill level 5 in Fighting
  6756 | D:7      | Found an iron altar of Okawaru.
  6944 | D:7      | Reached * piety under Qazlal
  7273 | D:8      | Found Haih Teq's Book Boutique.
  7570 | D:8      | Found an ornate altar of the Wu Jian Council.
  7698 | D:8      | Found a basalt altar of Yredelemnul.
  7871 | D:8      | Reached skill level 5 in Shields
  8084 | D:8      | Reached skill level 5 in Invocations
  8291 | D:9      | Noticed a two-headed ogre
  8297 | D:9      | Killed a two-headed ogre
  8298 | D:9      | Reached skill level 11 in Unarmed Combat
  8298 | D:9      | Reached XP level 10. HP: 75/76 MP: 12/14
  8845 | D:9      | Reached ** piety under Qazlal
  8861 | D:9      | Found a staircase to the Lair.
  8878 | D:9      | Slain by a komodo dragon

Illustrated notes

Levels and vault maps discovered:
D:1:      evilmike_arrival_plus, layout_loops_ring, serial_shops, shop,
          dreamdust_princess_corridor, minmay_box_of_dots
D:2:      layout_basic
D:3:      layout_basic, lemuel_doored_altar, minmay_misc_feat_ornament,
          kennysheep_potato
D:4:      layout_loops_cross, mainiacjoe_overflow_brackets, uniq_blork_the_orc,
          uniq_edmund
D:5:      layout_basic, gup_sewer_entry_pipe, minmay_misc_feat_alley
D:6:      layout_loops_ring, mainiacjoe_overflow_alcove_2,
          minmay_temple_entry_crystal_x, serial_shops,
          nicolae_shop_window_shopping, minmay_fountain_box, uniq_maggie
D:7:      layout_gridville, marbit_many_paths, enter_bailey_4
D:8:      layout_cave_pods, nicolae_wu_jian_immortal_techniques,
          nicolae_overflow_crystal_walls, serial_shops, shop, serial_demonic,
          serial_demonic_e, serial_demonic_c, serial_demonic_b,
          serial_demonic_g, serial_demonic_d
D:9:      layout_grid_maze, tgw_sif, david_lair_shrubbed, minivault_10
Temple:   nicolae_temple_bog_church

Skill      XL: |  1  2  3  4  5  6  7  8  9 |
---------------+----------------------------+-----
Maces & Flails | 2 |  2.5
Unarmed Combat | 1 2 4 5 6 8 9 11 | 11.3
Shields        | 3 5 |  5.4
Fighting       | 4 5 |  5.9
Invocations    | 1 5 |  5.8
Armour         | |  2.6

Action                     |  1- 3 |  4- 6 |  7- 9 | 10-12 || total
---------------------------+-------+-------+-------+-------++-------
  Melee: Flail             |    98 |       |       |       ||    98
         Long sword        |    34 |    53 |    13 |       ||   100
         Unarmed           |       |       |   446 |    49 ||   495
  Evoke: Wand              |       |       |     6 |       ||     6
    Use: Potion            |       |       |    10 |       ||    10
 Armour: Scale mail        |    75 |    27 |   281 |     6 ||   389
  Dodge: Dodged            |    59 |    23 |   200 |    10 ||   292
  Block: Buckler           |    41 |    14 |   128 |    10 ||   193

Table legend: (Time is in decaauts)
 A = Elapsed time spent in this place.
 B = Non-inter-level travel time spent in this place.
 C = Inter-level travel time spent in this place.
 D = Time resting spent in this place.
 E = Time spent auto-exploring this place.
 F = Levels seen in this place.
 G = Mean time per level.
                   A        B        C        D        E       F      G
               +--------+--------+--------+--------+--------+-----+--------+
         Total |   8922 |   8609 |    313 |    199 |   6890 |  11 |  811.1 |
       Dungeon |   8060 |   7769 |    291 |    199 |   6264 |   9 |  895.6 |
        Temple |    239 |    217 |     22 |      0 |    167 |   1 |  239.0 |
         Sewer |    622 |    622 |      0 |      0 |    457 |   1 |  622.0 |
               +--------+--------+--------+--------+--------+-----+--------+

Top non-repeatable levels by time:
     D:7: 1264 daAuts
     D:8: 1008 daAuts
     D:6: 963 daAuts
     D:5: 953 daAuts
     D:3: 915 daAuts
     D:4: 808 daAuts
     D:1: 786 daAuts
     D:2: 780 daAuts
   Sewer: 622 daAuts
     D:9: 579 daAuts
  Temple: 239 daAuts
